 Dungeon Crawl Stone Soup version 0.26-a0-1139-g7d2dc893a1 (webtiles) character file.

Game seed: 11075638029123764399

85 Dracia the Covered (level 4, 0/52 HPs)
             Began as a Demonspawn Fighter on Dec 21, 2020.
             Succumbed to a gnoll's poison
             ... on level 2 of the Dungeon.
             The game lasted 00:01:41 (1506 turns).

Dracia the Covered (Demonspawn Fighter)             Turns: 1506, Time: 00:01:41

Health: 0/52       AC:  8    Str: 17    XL:     4   Next: 25%
Magic:  4/4        EV:  7    Int:  9    God:
Gold:   100        SH:  9    Dex: 13    Spells: 3/3 levels left

rFire    . . .     SeeInvis .   a - +0 war axe
rCold    . . .     Faith    .   c - +0 kite shield
rNeg     . . .     Spirit   .   b - +0 scale mail
rPois    .         Reflect  .   (no helmet)
rElec    .         Harm     .   (no cloak)
rCorr    .         Rampage  .   (no gloves)
Will     .....                  (no boots)
Stlth    ..........             (no amulet)
HPRegen  0.17/turn              (no ring)
MPRegen  0.09/turn              (no ring)

@: berserking, lethally poisoned (0 -> -16), very quick
A: molten scales 1, demonic guardian 1, powered by pain 1
a: no special abilities


You were on level 2 of the Dungeon.
You visited 1 branch of the dungeon, and saw 2 of its levels.

You collected 100 gold pieces.


Innate Abilities, Weirdness & Mutations

You are partially covered in molten scales. (AC +2)
A weak demonic guardian rushes to your aid.
You sometimes gain a little power by taking damage.


   Skills:
 - Level 3.0 Fighting
 * Level 2.7 Axes
 + Level 3.5 Armour
 + Level 3.4 Shields


You had 3 spell levels left.
You didn't know any spells.
Your spell library was empty.

Inventory:

Hand Weapons
 a - a +0 war axe (weapon)
Missiles
 j - 8 poisoned darts (quivered)
Armour
 b - a +0 scale mail (worn)
 c - a +0 kite shield (worn)
Wands
 k - a wand of enslavement (8)
Scrolls
 e - 4 scrolls of immolation {unknown}
 f - 2 scrolls of enchant weapon {unknown}
 g - a scroll of teleportation {unknown}
 m - a scroll of amnesia {unknown}
Potions
 d - a potion of might
 h - a potion of haste {unknown}
 i - a potion of berserk rage {!q!q}
 l - a potion of curing {unknown}

Dungeon Overview and Level Annotations

Branches:
Dungeon (2/15)

Altars:
Nemelex Xobeh

###########
#.........#
#.........######
#..(......5@)..#
#.........####..#
#.........# <..
####†###### .
#..# ##.## #..#
#.## ##.#


You could see a friendly white imp (summoned).


Message History

* * * LOW HITPOINT WARNING * * *
You feel very sick.
The gnoll hits you from afar with a +0 spear.
* * * LOW HITPOINT WARNING * * *
Unknown command.
* * * LOW HITPOINT WARNING * * *
You feel sick. You block the gnoll's attack.
Found a stone staircase leading up.
You see here a +1 spear of venom.
You slash the gnoll!
The gnoll is heavily wounded.
* * * LOW HITPOINT WARNING * * *
You feel very sick. You block the gnoll's attack.
You closely miss the gnoll.
The gnoll is heavily wounded.
* * * LOW HITPOINT WARNING * * *
You feel very sick. The gnoll completely misses you.
The gnoll barely misses you.
Unknown command.
It was a potion of berserk rage.
A red film seems to cover your vision as you go berserk!
You feel yourself moving faster!
You feel mighty!
* * * LOW HITPOINT WARNING * * *
You feel sick. The gnoll hits you with a +0 spear.
* * * LOW HITPOINT WARNING * * *
You are too berserk!
You slash the gnoll!
You kill the gnoll!
You die...

Skill      XL: |  1  2 |
---------------+-------+-----
Axes           | 2 |  2.7
Shields        | 3 |  3.4
Armour         | 3 |  3.5
Fighting       | |  3.0

Action                   |  1- 3 |  4- 6 || total
-------------------------+-------+-------++-------
Melee: War axe           |   116 |    11 ||   127
  Use: Potion            |       |     1 ||     1
Armor: Scale mail        |    48 |     4 ||    52
Dodge: Dodged            |    41 |     4 ||    45
Block: Kite shield       |    55 |     5 ||    60

Levels and vault maps discovered:
D:1:      evilmike_arrival_grusome_pit, layout_basic,
          chequers_serial_rivers_micro_a, nemelex_xobeh_ov_fountains_minmay
D:2:      layout_rooms

Notes
Turn   | Place    | Note
-------+----------+-------------------------------------------
     0 | D:1      | Dracia the Demonspawn Fighter began the quest for the Orb.
     0 | D:1      | Reached XP level 1. HP: 18/18 MP: 1/1
    12 | D:1      | Found a sparkling altar of Nemelex Xobeh.
    72 | D:1      | Reached skill level 2 in Axes
   178 | D:1      | Gained mutation: You sometimes gain a little power by
                  | taking damage. [demonic ancestry]
   178 | D:1      | Reached XP level 2. HP: 24/24 MP: 2/2
   568 | D:1      | Reached skill level 3 in Shields
   577 | D:1      | Reached skill level 3 in Armour
   622 | D:1      | Gained mutation: A weak demonic guardian rushes to your
                  | aid. [demonic ancestry]
   622 | D:1      | Reached XP level 3. HP: 21/29 MP: 3/3
  1473 | D:2      | Gained mutation: You are partially covered in molten
                  | scales. (AC +2) [demonic ancestry]
  1473 | D:2      | Reached XP level 4. HP: 33/35 MP: 4/4
  1504 | D:2      | HP: 3/35 [poisoned by a gnoll]
  1505 | D:2      | HP: 1/52 [gnoll/+0 spear (2)]
  1506 | D:2      | Succumbed to a gnoll's poison

Vanquished Creatures
  2 gnolls (D:2)
  An adder (D:2)
  2 oozes
  A dart slug (D:1)
  4 leopard geckos
  A ball python (D:1)
  A bat (D:1)
  A giant cockroach (D:1)
  6 goblins
  7 hobgoblins
  5 jackals
  3 kobolds
  6 frilled lizards
  6 rats
46 creatures vanquished.

Vanquished Creatures (collateral kills)
  A gnoll (D:2)
1 creature vanquished.

Grand Total: 47 creatures vanquished

Table legend: (Time is in decaauts)
 A = Elapsed time spent in this place.
 B = Non-inter-level travel time spent in this place.
 C = Inter-level travel time spent in this place.
 D = Time resting spent in this place.
 E = Time spent auto-exploring this place.
 F = Levels seen in this place.
 G = Mean time per level.
                   A        B        C        D        E       F      G
               +--------+--------+--------+--------+--------+-----+--------+
         Total |   1564 |   1555 |      9 |      0 |   1272 |   2 |  782.0 |
       Dungeon |   1564 |   1555 |      9 |      0 |   1272 |   2 |  782.0 |
               +--------+--------+--------+--------+--------+-----+--------+

Top non-repeatable levels by time:
     D:1: 1220 daAuts
     D:2: 344 daAuts

Table legend:
 A = Non-vault XP
 B = Vault XP
 C = Vault XP percentage of total XP
 D = Non-vault monster count
 E = Vault monster count
 F = Vault count percentage of total count
                 A         B        C        D         E       F
            +---------+---------+-------+---------+---------+-------
      Total |     137 |       0 |   0.0 |      47 |       0 |   0.0
            +---------+---------+-------+---------+---------+-------
        D:1 |      58 |       0 |   0.0 |      28 |       0 |   0.0
        D:2 |      79 |       0 |   0.0 |      19 |       0 |   0.0
            +---------+---------+-------+---------+---------+-------
